 Dungeon Sprint DCSS version 0.29-a0-819-g94b489e0ae (webtiles) character file.

Game seed: 11004651771650526085

32 Ayihk420 the Slasher (level 3, -5/48 HPs)
             Began as a Human Berserker on July 6, 2022.
             Was a Believer of Trog.
             Slain by a human (8 damage)
             ... in the Dungeon (Sprint III: "The Ten Rune Challenge").
             The game lasted 00:01:01 (233 turns).

Ayihk420 the Slasher (Human Berserker)               Turns: 233, Time: 00:01:01

Health: -5/48      AC:  2    Str: 19    XL:     3   Next: 45%
Magic:  3/3        EV: 12    Int:  7    God:    Trog [**....]
Gold:   10         SH:  0    Dex: 12    Spells: 2/2 levels left

rFire   . . .      SeeInvis .   a - +0 falchion
rCold   . . .      Faith    .   (no shield)
rNeg    . . .      Spirit   .   b - +0 animal skin
rPois   .          Reflect  .   (no helmet)
rElec   .          Harm     .   (no cloak)
rCorr   .          Rampage  .   (no gloves)
Will    .....      NoTele   +   (no boots)
Stlth   ..........              (no amulet)
HPRegen 0.16/turn               (no ring)
MPRegen 0.08/turn               (no ring)

@: berserking (expiring), very quick
A: no striking features
a: Renounce Religion, Berserk, Trog's Hand


You were in the Dungeon.
You worshipped Trog.
Trog was pleased with you.
You visited 1 branch You collected 10 gold pieces.

Inventory:

Hand Weapons
 a - a +0 falchion (weapon)
Armour
 b - a +0 animal skin (worn)
Scrolls
 h - a scroll of blinking
Potions
 c - a potion of curing
 d - a potion of heal wounds
 e - a potion of haste
 f - 2 potions of magic
 g - a potion of berserk rage
 i - a potion of brilliance {unknown}


   Skills:
 + Level 4.8 Fighting
 + Level 4.8 Long Blades
 + Level 2.5 Armour
 + Level 3.0 Dodging
 + Level 0.1 Stealth


You had 2 spell levels left.
You didn't know any spells.
Your spell library was empty.

Dungeon Overview and Level Annotations

Branches:
Dungeon (1/1)

Altars:


Message History

You kill Crazy Yiuf!
Trog accepts your kill.
You feel sick. The human closely misses you.
Your Fighting skill increases to level 4!
Your Long Blades skill increases to level 4!
Your Dodging skill increases to level 3!
You have reached level 2!
You have reached level 3!
Your experience leads to an increase in your attributes!
Increase (S)trength, (I)ntelligence, or (D)exterity?
You feel stronger. x2
You miss the human.
You feel sick. The human hits you.
* * * LOW HITPOINT WARNING * * *
You hit the human.
The human is lightly wounded.
You feel sick. The human closely misses you.
You hit the human.
The human is lightly wounded.
You feel sick.
Okay, then.
You barely miss the human.
The human is lightly wounded.
The human misses you.
You miss the human.
The human is lightly wounded.
You feel sick. The human hits you.
* * * LOW HITPOINT WARNING * * *
You slash the human!
The human is moderately wounded.
You feel sick.
You slash the human!
The human is heavily wounded.
You feel sick.
You are no longer poisoned.
The human hits you.
* * * LOW HITPOINT WARNING * * *
You hit the human.
The human is severely wounded.
The human hits you!
You die...

▓<..#...####
▓...#......## .#
▓..##...†...# .#
▓##.##.##...# ..#
##.##.###..# ..#
▓#.####.##..# ...+
▓.###..##.†## #...#
▓#.....##..###p...#
###..##...##@....#
##..##....#..)...#
#..###..##.#.....#
#..# #.. ####....#
▓▓▓▓ ▓▓▓ ▓▓▓▓▓


You could see a human.

Vanquished Creatures
  Crazy Yiuf (D)
  An endoplasm (D)
  3 rats (D)
5 creatures vanquished.

Notes
Turn   | Place    | Note
-------+----------+-------------------------------------------
     0 | D        | Ayihk420 the Human Berserker began the quest for the Orb.
     0 | D        | Reached XP level 1. HP: 18/18 MP: 1/1
   205 | D        | Reached ** piety under Trog
   218 | D        | Noticed Crazy Yiuf
   225 | D        | Killed Crazy Yiuf
   226 | D        | Reached XP level 2. HP: 17/26 MP: 2/2
   226 | D        | Reached XP level 3. HP: 21/32 MP: 3/3
   233 | D        | Slain by a human

Illustrated notes

Levels and vault maps discovered:
D:        dungeon_sprint_mu [sprint_mu_entry_cave, sprint_mu_temple_rooms,
          sprint_mu_d1_horrors, sprint_mu_d2_genie, sprint_mu_d3_branching,
          sprint_mu_orc_legion, sprint_mu_elf_gauntlet, sprint_mu_hive_nellie,
          sprint_mu_lair_fedhas, sprint_mu_vaults_butterflies,
          sprint_mu_slime_circle, sprint_mu_swamp_cave, sprint_mu_shoals_archi,
          sprint_mu_blade_basic, sprint_mu_crypt_chambers,
          sprint_mu_tomb_spiral, sprint_mu_vestibule_basic,
          sprint_mu_gehenna_hellfire, sprint_mu_dis_giant,
          sprint_mu_tartarus_statrot, sprint_mu_cocytus_islands, sprint_mu_zot1]

Skill      XL: |  1 |
---------------+----+-----
Fighting       | 4 |  4.8
Long Blades    | 4 |  4.8
Dodging        | 3 |  3.0
Armour         | |  2.5
Stealth        | |  0.1

Action                   || total
-------------------------++-------
Melee: Falchion          ||    26
Invok: Berserk           ||     1
 Stab: Sleeping          ||     1
Armor: Animal skin       ||     5
Dodge: Dodged            ||    17

Table legend: (Time is in decaauts)
 A = Elapsed time spent in this place.
 B = Non-inter-level travel time spent in this place.
 C = Inter-level travel time spent in this place.
 D = Time resting spent in this place.
 E = Time spent auto-exploring this place.
 F = Levels seen in this place.
 G = Mean time per level.
                   A        B        C        D        E       F      G
               +--------+--------+--------+--------+--------+-----+--------+
         Total |    231 |    231 |      0 |    166 |      0 |   1 |  231.0 |
       Dungeon |    231 |    231 |      0 |    166 |      0 |   1 |  231.0 |
               +--------+--------+--------+--------+--------+-----+--------+

Top non-repeatable levels by time:
       D: 231 daAuts
